 Dungeon Crawl Stone Soup version 0.28.0 (webtiles) character file.

Game seed: 8288877554486347467

88 Hasart the Insei (level 4, -7/25 (28) HPs)
             Began as an Octopode Transmuter on Feb 19, 2022.
             Mangled by a gnoll (9 damage)
             ... on level 4 of the Dungeon.
             The game lasted 00:02:43 (2611 turns).

Hasart the Insei (Octopode Transmuter)              Turns: 2611, Time: 00:02:44

HP:   -7/25 (28)    AC:  1    Str:  9    XL:     4   Next: 53%
MP:   7/7           EV: 13    Int: 17    God:
Gold: 21            SH:  0    Dex: 12    Spells: 1/7 levels left

rFire   . . .      SeeInvis .     - Unarmed
rCold   . . .      Faith    .   (no shield)
rNeg    . . .      Spirit   .   (helmet restricted)
rPois   .          Reflect  .   (no amulet)
rElec   .          Harm     .   (no ring)
rCorr   .          Rampage  .   (no ring)
Will    .....                   (no ring)
Stlth   ++........              (no ring)
HPRegen 0.08/turn               (no ring)
MPRegen 0.10/turn               (no ring)
                                (no ring)
                                (no ring)

@: heavily drained
A: almost no armour, amphibious, 8 rings, camouflage 1, gelatinous body 1,
(nimble swimmer 1), tentacles
a: no special abilities


You were on level 4 of the Dungeon.
You visited 1 branch of the dungeon, and saw 4 of its levels.

You collected 21 gold pieces.

Inventory:

Scrolls
 a - 2 scrolls of identify {unknown}
 d - a scroll of vulnerability {unknown}
 g - a scroll of teleportation {unknown}
 h - a scroll of enchant weapon {unknown}
 i - a scroll of blinking {unknown}
 j - a scroll of noise {unknown}
Potions
 b - a potion of berserk rage {unknown}
 c - 2 potions of curing {unknown}
 e - a potion of invisibility {unknown}
 f - a potion of flight {unknown}


   Skills:
 + Level 1.6 Fighting
 + Level 2.3 Dodging
 * Level 3.8 Unarmed Combat
 + Level 2.4 Spellcasting
 + Level 2.5 Transmutations
 * Level 1.5 Poison Magic


You had one spell level left.
You knew the following spells:

 Your Spells              Type           Power      Damage    Failure   Level
a - Beastly Appendage     Tmut           20%        N/A       7%          1
b - Wereblood             Tmut           10%        N/A       10%         2
c - Spider Form           Tmut/Pois      8%         N/A       24%         3

Your spell library contained the following spells:

 Spells                   Type           Power      Damage    Failure   Level
 Magic Dart               Conj           8%         1d3       19%         1
 Call Imp                 Summ           2%         N/A       28%         2
 Mephitic Cloud           Conj/Pois/Air  3%         N/A       41%         3
 Inner Flame              Hex/Fire       2%         N/A       50%         3
 Ice Form                 Ice/Tmut       6%         N/A       73%         4
 Cause Fear               Hex            1%         N/A       88%         4
 Discord                  Hex            1%         N/A       100%        8


Dungeon Overview and Level Annotations

Branches:
Dungeon (4/15)
 Temple: D:4-7

Altars:


Innate Abilities, Weirdness & Mutations

You cannot wear most types of armour.
You are amphibious.
You can wear up to eight rings at the same time.
Your skin changes colour to match your surroundings (Stealth+).
Your rubbery body absorbs attacks. (AC +1, EV +1)
((You are camouflaged when in or above water. (Stealth+)))
You have tentacles for arms and can constrict up to eight enemies at once.


Message History

You tentacle-slap the rat.
You kill the rat!
A goblin is nearby!
A goblin is nearby!
A goblin is nearby!
Found 11 arrows.
You closely miss the goblin.
The goblin shouts!
You grab the goblin. You constrict the goblin.
The goblin hits you with a +0 dagger.
You tentacle-slap the goblin.
You kill the goblin!
You see here a +0 dagger.
A gnoll comes into view. It is wielding a +1 flail of draining.
A gnoll is nearby!
A gnoll is nearby!
A gnoll comes into view. It is wielding a +0 spear.
The gnoll shouts! x2; You hear a shout!
There is a stone staircase leading down here.
The gnoll barely misses you.
You climb downwards.
There is a stone staircase leading up here.
You tentacle-slap the gnoll. You grab the gnoll. You squeeze the gnoll.
The gnoll is moderately wounded.
You constrict the gnoll, but do no damage.
The gnoll hits you with a +1 flail of draining!
You feel drained.
Unknown command.
You tentacle-slap the gnoll.
The gnoll is severely wounded.
You constrict the gnoll, but do no damage.
The gnoll hits you with a +1 flail of draining!
* * * LOW HITPOINT WARNING * * *
You feel drained.
* * * LOW HITPOINT WARNING * * *
You tentacle-slap the gnoll.
The gnoll is almost dead.
You constrict the gnoll.
The gnoll hits you with a +1 flail of draining!
You die...

### #.. #.#
#.# #.#
##.## #.@.#
#.g...#
#.........
#.##.######
#. #.# #
#.# #.# #.#


You could see a gnoll.

Vanquished Creatures
  An adder (D:2)
  4 worms (D:2)
  2 dart slugs (D:1)
  An orc (D:3)
  3 endoplasms
  A giant cockroach (D:1)
  11 goblins
  5 hobgoblins
  4 jackals (D:2)
  6 kobolds
  3 quokkas
  8 ball pythons
  6 bats
  2 frilled lizards (D:2)
  3 rats
60 creatures vanquished.

Notes
Turn   | Place    | Note
-------+----------+-------------------------------------------
     0 | D:1      | Hasart the Octopode Transmuter began the quest for the Orb.
     0 | D:1      | Reached XP level 1. HP: 13/13 MP: 3/3
   120 | D:1      | Reached XP level 2. HP: 18/18 MP: 5/5
   625 | D:1      | Found a faded altar of an unknown god.
   658 | D:1      | Reached XP level 3. HP: 18/23 MP: 6/6
   661 | D:1      | Learned a level 2 spell: Wereblood
   665 | D:1      | Learned a level 3 spell: Spider Form
  1510 | D:2      | Reached skill level 1 in Poison Magic
  1673 | D:2      | Reached XP level 4. HP: 15/28 MP: 4/7
  2248 | D:3      | Noticed a necrophage
  2611 | D:4      | Mangled by a gnoll

Illustrated notes

Levels and vault maps discovered:
D:1:      scummos_arrival_simple_crosswalls, layout_loops_corners,
          hellmonk_ecumenical_altar_lost_god, minmay_misc_feat_pillars,
          nrook_campfire, supply_closet_lemuel
D:2:      layout_basic, st_stairs_8
D:3:      layout_rooms
D:4:      layout_loops_ring, nicolae_wu_jian_glorious_leap, marbit_many_paths,
          mainiacjoe_overflow_surrounded_room, chequers_serial_rivers_small_a

Skill      XL: |  1  2  3 |
---------------+----------+-----
Poison Magic   | 1 |  1.5
Fighting       | |  1.6
Dodging        | |  2.3
Unarmed Combat | |  3.8
Spellcasting   | |  2.4
Transmutations | |  2.5

Action                   |  1- 3 |  4- 6 || total
-------------------------+-------+-------++-------
Melee: Unarmed           |    85 |    51 ||   136
       Constrict         |    22 |    14 ||    36
       Tentacles         |    21 |    12 ||    33
       Punch             |     1 |     1 ||     2
       Kick              |       |     4 ||     4
 Cast: Wereblood         |     1 |     1 ||     2
       Spider Form       |       |     1 ||     1
       Beastly Appendage |       |     1 ||     1
 Stab: Sleeping          |     7 |     3 ||    10
Armor: Skin              |    10 |     3 ||    13
Dodge: Dodged            |    41 |    29 ||    70
